 Dungeon Crawl Stone Soup version 0.26-a0-455-g0958c023ba (webtiles) character file.

Game seed: 12963392654584171428

478 tilp the Sneak (level 6, 0/30 HPs)
             Began as a Felid Delver on July 28, 2020.
             Was a Believer of Cheibriados.
             Splashed by Ijyb's acid (15 damage)
             ... on level 5 of the Dungeon.
             The game lasted 00:20:06 (6134 turns).

tilp the Sneak (Felid Delver)                       Turns: 6134, Time: 00:20:06

Health: 0/30       AC:  2    Str: 13    XL:     6   Next: 85%
Magic:  7/7        EV: 20    Int: 18    God:    Cheibriados [**....]
Gold:   287        SH:  0    Dex: 23    Spells: 5/5 levels left
                                        Lives:  0   Deaths: 1

rFire    + . .     SeeInvis +     - Unarmed
rCold    . . .     Faith    .   (shield unavailable)
rNeg     . . .     Spirit   .   (armour unavailable)
rPois    .         Reflect  .   (helmet unavailable)
rElec    .         Harm     .   (cloak unavailable)
rCorr    .                      (gloves unavailable)
MR       .....                  (boots unavailable)
Stlth    ++++......             (no amulet)
HPRegen  0.10/turn              g - ring of protection from fire
MPRegen  0.10/turn              (no ring)

@: very slightly contaminated, invisible, very slow
A: very small, no armour, no weapons or thrown items, stealth, claws 1, fangs 3,
see invisible, speed 1, shaggy fur 2, sharp paws
a: Bend Time, Renounce Religion


You were on level 5 of the Dungeon.
You worshipped Cheibriados.
Cheibriados was pleased with you.
You visited 1 branch of the dungeon, and saw 5 of its levels.

You collected 287 gold pieces.

Inventory:

Jewellery
 g - a ring of protection from fire (left paw)
 i - an uncursed ring of fire
Wands
 e - a wand of digging (5)
 m - a wand of iceblast (3)
Scrolls
 a - 2 scrolls of fog
 b - a scroll of magic mapping
 c - 2 scrolls of fear
 d - a scroll of enchant armour {unknown}
 f - 2 scrolls of amnesia
 l - a scroll of remove curse
 t - 2 scrolls of immolation
Potions
 h - 2 potions of ambrosia {unknown}
 j - 2 potions of magic
 n - a potion of resistance
 q - 2 potions of might
 r - 2 potions of stabbing
 s - a potion of degeneration {unknown}


   Skills:
 + Level 5.1 Fighting
 - Level 4.0 Dodging
 - Level 6.6 Stealth
 - Level 6.0 Unarmed Combat


You had 5 spell levels left.
You didn't know any spells.
Your spell library was empty.

Dungeon Overview and Level Annotations

Branches:
Dungeon (5/15)
 Temple: D:4-7

Altars:
Cheibriados
Kikubaaqudgha
Zin
The Shining One

Annotations:
D:3 Sigmund
D:4 exclusion: ogre, Menkaure
D:5 Ijyb, Prince Ribbit


Innate Abilities, Weirdness & Mutations

You cannot wear armour.
You are incapable of wielding weapons or throwing items.
Your paws allow you to move quietly. (Stealth)
You have sharp claws.
You have razor-sharp teeth.
You have supernaturally acute eyesight. (SInv)
You cover ground quickly.
You are covered in thick fur. (AC +2)
Your sharp claws are effective at attacking unaware monsters.


Message History

The orc priest closely misses you.
Ijyb the Twisted Goblin comes into view.
She is carrying a wand of acid (4).
You scratch the orc priest.
You kill the orc priest!
Cheibriados appreciates the change of pace.
You see here a brightly glowing flail.
Okay, then.
Okay, then.
Okay, then.
You fade into invisibility!
You are very lightly contaminated with residual magic.
Evoke which item? (* to show all) (? for menu, Esc to quit)
Aiming: Iceblast
Press: ? - help, Shift-Dir - straight line, f - Ijyb
Aim: Ijyb, wearing a +0 scale mail and carrying a wand of acid (4)
The mass of ice explodes!
The iceblast engulfs Ijyb.
Ijyb is moderately wounded.
Ijyb zaps a wand.
The bolt of acid hits you.
You are splashed with acid!
Ouch! That really hurt!
You die...

#.
######.####.###.#
#. #.# #.# #.# #(
#.# #.# #.# #.
#.# #.###.##
######. #.#
#.......
.......###### #.#
######## #.#
#).g.g.# #.# #.#
#[####.# #.# #.#
#.. #@# #.# #.#
.... #.# #.# #.#
###.. #.####.#
#.# ##. #......#
#.# ## ########
#.# # #.# #######
#.# # .......
#.##.#### #######


You could see Ijyb.

Vanquished Creatures
  An ice beast (D:5)
  2 scorpions (D:5)
  2 hounds (D:4)
  3 orc priests
  2 orc wizards
  5 adders
  A white imp (D:4)
  3 oozes
  A worm (D:4)
  A dart slug (D:4)
  2 leopard geckos (D:5)
  9 orcs
  3 bats
  3 giant cockroaches
  4 goblins
  4 hobgoblins
  10 jackals
  4 kobolds
  A quokka (D:2)
  A ball python (D:5)
  7 frilled lizards
  A giant cockroach zombie (D:5)
  A jackal skeleton (D:4)
  A leopard gecko zombie (D:5)
  5 rats
77 creatures vanquished.

Notes
Turn   | Place    | Note
-------+----------+-------------------------------------------
     0 | D:5      | tilp the Felid Delver began the quest for the Orb.
     0 | D:5      | Reached XP level 1. HP: 10/10 MP: 2/2
     5 | D:5      | Noticed Prince Ribbit
    39 | D:5      | Noticed an ice beast
   105 | D:5      | Noticed a hound
   111 | D:5      | Noticed a jelly
   508 | D:4      | Noticed a hound
   525 | D:4      | Noticed a hound
   546 | D:3      | Found a snail-covered altar of Cheibriados.
   688 | D:3      | Became a worshipper of Cheibriados the Contemplative
   980 | D:2      | You fall into a shaft and drop 1 floor!
   998 | D:3      | Noticed Sigmund
  1206 | D:2      | Reached XP level 2. HP: 14/14 MP: 3/3
  1816 | D:1      | You fall into a shaft and drop 1 floor!
  2034 | D:2      | Reached XP level 3. HP: 16/17 MP: 4/4
  2683 | D:1      | Reached * piety under Cheibriados
  3311 | D:3      | Reached XP level 4. HP: 22/22 MP: 5/5
  3527 | D:3      | Found a glowing silver altar of Zin.
  3994 | D:3      | Found a glowing golden altar of the Shining One.
  4294 | D:4      | Noticed an ogre
  4474 | D:3      | Slain by Sigmund
  4475 | D:3      | Reached XP level 3. HP: 0/18 MP: 4/4
  4631 | D:4      | Found an ancient bone altar of Kikubaaqudgha.
  4793 | D:4      | Reached XP level 4. HP: 13/22 MP: 5/5
  5425 | D:4      | Reached XP level 5. HP: 25/25 MP: 6/6
  5433 | D:4      | Reached skill level 5 in Unarmed Combat
  5614 | D:4      | Noticed Menkaure
  5795 | D:5      | Killed an ice beast
  5795 | D:5      | Gained mutation: You are covered in thick fur. (AC +2)
                  | [Felid growth]
  5795 | D:5      | Reached XP level 6. HP: 28/28 MP: 7/7
  5796 | D:5      | Reached ** piety under Cheibriados
  6122 | D:5      | Reached skill level 5 in Fighting
  6126 | D:5      | Noticed Ijyb
  6134 | D:5      | Splashed by Ijyb's acid

Illustrated notes

Levels and vault maps discovered:
D:1:      dpeg_arrival_houses_and_road, layout_loops_ring
D:2:      layout_basic
D:3:      layout_basic, nicolae_tso_carved_into_rock,
          lemuel_coloured_pillars_altar, zin_scriptorium, serial_glass,
          glass_columns_a, glass_columns_b, uniq_sigmund
D:4:      layout_basic, nicolae_overflow_hidden_temple, uniq_menkaure
D:5:      layout_loops_ring, vehumet_altar_wand_db, uniq_prince_ribbit1,
          uniq_ijyb

Skill      XL: |  1  2  3  4  5  6 |
---------------+-------------------+-----
Dodging        | 3 4 |  4.0
Unarmed Combat | 3 4 5 6 |  6.0
Fighting       | 4 5 |  5.1
Stealth        | |  6.6

Action                   |  1- 3 |  4- 6 || total
-------------------------+-------+-------++-------
Melee: Unarmed           |   129 |   100 ||   229
       Bite              |    12 |    11 ||    23
       Punch             |       |     4 ||     4
Invok: Bend Time         |     1 |     1 ||     2
Evoke: Wand              |       |     8 ||     8
  Use: Potion            |     1 |     6 ||     7
       Scroll            |    10 |     5 ||    15
 Stab: Sleeping          |    20 |     9 ||    29
Armor: Skin              |     7 |    10 ||    17
Dodge: Dodged            |    99 |    54 ||   153

Table legend: (Time is in decaauts)
 A = Elapsed time spent in this place.
 B = Non-inter-level travel time spent in this place.
 C = Inter-level travel time spent in this place.
 D = Time resting spent in this place.
 E = Time spent auto-exploring this place.
 F = Levels seen in this place.
 G = Mean time per level.
                   A        B        C        D        E       F      G
               +--------+--------+--------+--------+--------+-----+--------+
         Total |   6609 |   6199 |    410 |   2446 |   1488 |   5 | 1321.8 |
       Dungeon |   6609 |   6199 |    410 |   2446 |   1488 |   5 | 1321.8 |
               +--------+--------+--------+--------+--------+-----+--------+

Top non-repeatable levels by time:
     D:4: 1979 daAuts
     D:3: 1888 daAuts
     D:1: 1344 daAuts
     D:2: 836 daAuts
     D:5: 561 daAuts
